 Dungeon Sprint DCSS version 0.29.1-2-gbd0b4ee654 (webtiles) character file.

Game seed: 16220691658786195380

7389 Groucho the Unseen (level 10, -2/53 HPs)
             Began as a Spriggan Enchanter on Nov 21, 2022.
             Was an Elder of Dithmenos.
             Slain by a tentacle (5 damage)
             ... attached to a kraken
             ... in the Dungeon (Sprint II: "The Violet Keep of Menkaure").
             The game lasted 00:08:22 (1581 turns).

Groucho the Unseen (Spriggan Enchanter)             Turns: 1581, Time: 00:08:22

Health: -2/53      AC:  4    Str:  6    XL:     10   Next: 92%
Magic:  23/27      EV: 25    Int: 16    God:    Dithmenos [****..]
Gold:   618        SH:  0    Dex: 19    Spells: 17/34 levels left

rFire   . . .      SeeInvis +   a - +1 dagger
rCold   . . .      Faith    .   (no shield)
rNeg    . . .      Spirit   .   f - +2 robe
rPois   .          Reflect  .   (helmet restricted)
rElec   .          Harm     .   (no cloak)
rCorr   .          Rampage  .   (gloves unavailable)
Will    +....      NoTele   +   (boots unavailable)
Stlth   ++++++++++              j - amulet of magic regeneration
HPRegen 0.17/turn               (no ring)
MPRegen 0.60/turn               (no ring)

@: flying, wreathed by umbra, very quick
A: very small, no large weapons, unfitting armour, see invisible, speed 3
a: Renounce Religion, Shadow Step


You were in the Dungeon.
You worshipped Dithmenos.
Dithmenos was greatly pleased with you.
You visited 1 branch You collected 1313 gold pieces.
You spent 695 gold pieces at shops.

Inventory:

Hand Weapons
 a - a +1 dagger (weapon)
 k - a +1 rapier of venom
Missiles
 b - 7 stones (quivered)
Armour
 f - a +2 robe (worn)
Jewellery
 j - an amulet of magic regeneration (around neck)
Scrolls
 i - a scroll of blinking
Potions
 c - 2 potions of flight
 g - 2 potions of magic


   Skills:
 + Level 6.2 Fighting
 * Level 11.1 Short Blades
 + Level 10.3 Dodging
 - Level 16.5 Stealth
 + Level 12.9 Spellcasting
 * Level 7.2 Conjurations
 - Level 13.1 Hexes
 * Level 8.6 Earth Magic
 + Level 0.0 Invocations


You had 17 spell levels left.
You knew the following spells:

 Your Spells              Type           Power      Damage    Failure   Level
a - Ensorcelled Hibernat  Hex/Ice        62%        N/A       1%          2
b - Confusing Touch       Hex            51%        N/A       1%          3
c - Dazzling Flash        Conj/Hex       84%        N/A       1%          3
d - Tukima's Dance        Hex            51%        N/A       1%          3
e - Sandblast             Erth           76%        2d16      1%          1
f - Passwall              Tmut/Erth      20%        N/A       1%          2
g - Stone Arrow           Conj/Erth      70%        3d11      1%          3

Your spell library contained the following spells:

 Spells                   Type           Power      Damage    Failure   Level


Dungeon Overview and Level Annotations

Branches:
Dungeon (1/1)

Altars:
Cheibriados
Dithmenos
Elyvilon
Fedhas
Gozag
Hepliaklqana
Kikubaaqudgha
Makhleb
Nemelex Xobeh
Okawaru
Qazlal
Ru
Sif Muna
Trog
Uskayaw
Vehumet
Wu Jian
Xom
Yredelemnul
Zin
The Shining One
Jiyva
Lugonu

Shops:
D ![:*[==[:?([?!:

Annotations:
D exclusion: oklob plant, Roxanne


Innate Abilities, Weirdness & Mutations

You are very small and have problems with some larger weapons.
You are too small for most types of armour.
You have supernaturally acute eyesight. (SInv)
You cover ground extremely quickly. (Speed+++)


Message History

You skewer the kraken like a kebab!!!!!
The kraken is almost dead.
Tentacles burst out of the water! 4 tentacles come into view.
You aren't carrying any items that you can evoke.
Unknown command.
Okay, then.
You hit the kraken but do no damage.
The kraken is almost dead.
Your shadow hits the kraken with a dagger.
The kraken squirts a massive cloud of ink into the water!
Unknown command.
Unknown command.
You hit the kraken but do no damage.
The kraken is almost dead.
The tentacle barely misses you. The tentacle misses you.
The tentacle completely misses you. The tentacle barely misses you.
Unknown command.
Unknown command.
Casting: Confusing Touch (safe; 1% risk of failure)
Confirm with . or Enter, or press ? or * to list all spells.
Casting: Dazzling Flash (safe; 1% risk of failure)
Press: ? - help, Dir - look around, f - activate The tentacle is dazzled. x2; The tentacle completely misses you. x2
The tentacle closely misses you.
The kraken squirts a massive cloud of ink into the water!
The tentacle completely misses you. x2; The tentacle closely misses you.
The tentacle slaps you!!
You emit a cloud of dark smoke.
The tentacle closely misses you. The kraken completely misses you.
Unknown command.
Unknown command.
You hit the tentacle but do no damage. The tentacle closely misses you.
The tentacle slaps you!!
* * * LOW HITPOINT WARNING * * *
The tentacle barely misses you. The tentacle completely misses you.
The kraken squirts a massive cloud of ink into the water!
You hit the tentacle.
The tentacle is lightly wounded.
The tentacle completely misses you. The tentacle slaps you.
You die...

.# )▓)?)!=[!$▓▓
####▓?)!)??$$▓▓
##)#▓?$![![$?▓▓
#..#▓=)$):(??▓▓
#†.#▓:!$?([$$▓▓
##.#▓??)$()?!▓▓
..##▓▓▓▓▓▓▓+▓▓▓▓+▓
~~~~~~~~~~~...§ww▓
'########+###.§X@▓
..._._._#~§§##§ww▓
_._._._.#§§≈§####▓
._._._._#§~§§
_._._._.#~~S§
._._._..#~§~~§
_._._...#~S§§≈
._._....#~~§
.._.....#§≈≈


You could see a kraken and 4 tentacles.

Vanquished Creatures
  A deep elf master archer (D)
  A great orb of eyes (D)
  A crystal guardian (D)
  2 boulder beetles (D)
  2 death drakes (D)
  A yaktaur (D)
  5 polar bears (D)
  A hornet (D)
  2 wyverns (D)
  4 neqoxecs (D)
  Menkaure (D)
  2 swamp drakes (D)
  4 necrophages (D)
  3 worms (D)
30 creatures vanquished.

Vanquished Creatures (others)
  A water moccasin (D)
1 creature vanquished.

Grand Total: 31 creatures vanquished

Notes
Turn   | Place    | Note
-------+----------+-------------------------------------------
     0 | D        | Groucho the Spriggan Enchanter began the quest for the Orb.
     0 | D        | Reached XP level 1. HP: 9/9 MP: 5/5
     7 | D        | Reached skill level 5 in Stealth
     8 | D        | Reached skill level 6 in Stealth
    11 | D        | Reached XP level 2. HP: 13/13 MP: 5/7
    14 | D        | Noticed a boulder beetle
    14 | D        | Noticed a boulder beetle
    17 | D        | Noticed a neqoxec
    20 | D        | Noticed a necrophage
    20 | D        | Noticed a necrophage
    20 | D        | Noticed a necrophage
    20 | D        | Noticed a necrophage
    24 | D        | Killed a necrophage
    25 | D        | Reached skill level 10 in Stealth
    25 | D        | Reached skill level 5 in Spellcasting
    25 | D        | Reached XP level 3. HP: 16/16 MP: 6/11
    25 | D        | Reached XP level 4. HP: 21/21 MP: 6/12
    25 | D        | Killed a necrophage
    26 | D        | Reached skill level 11 in Stealth
    26 | D        | Reached XP level 5. HP: 24/24 MP: 6/15
    28 | D        | Reached skill level 13 in Stealth
    33 | D        | Identified Roxanne's Commentary on Reformation
    33 | D        | Noticed Roxanne
    44 | D        | Killed a neqoxec
    45 | D        | Reached skill level 15 in Stealth
    45 | D        | Reached XP level 6. HP: 28/28 MP: 8/18
    45 | D        | Noticed a neqoxec
    46 | D        | Killed a neqoxec
    47 | D        | Reached skill level 16 in Stealth
    47 | D        | Reached XP level 7. HP: 32/32 MP: 8/20
    50 | D        | Learned a level 2 spell: Ensorcelled Hibernation
    54 | D        | Learned a level 3 spell: Confusing Touch
    58 | D        | Learned a level 3 spell: Dazzling Flash
    58 | D        | Noticed a neqoxec
    58 | D        | Noticed a neqoxec
    64 | D        | Killed a neqoxec
    65 | D        | Reached skill level 1 in Fighting
    65 | D        | Reached skill level 10 in Hexes
    70 | D        | Killed a neqoxec
    71 | D        | Reached skill level 10 in Spellcasting
    99 | D        | Learned a level 3 spell: Tukima's Dance
   386 | D        | Found Ukhlerphikh's Book Shop.
   387 | D        | Found Docair's Distillery.
   387 | D        | Found Fissilin's Armour Shop.
   387 | D        | Found Liuwuetesu's Magic Scroll Shop.
   387 | D        | Found Bokeu's Magic Scroll Boutique.
   387 | D        | Found Loefur's Antique Weapon Boutique.
   387 | D        | Found Legonibu's Antique Armour Shop.
   387 | D        | Found Henk's Book Shop.
   388 | D        | Found Affiuh's Jewellery Shop.
   388 | D        | Found Guabb's Jewellery Boutique.
   388 | D        | Noticed a wyvern
   389 | D        | Noticed Menkaure
   389 | D        | Noticed a wyvern
   390 | D        | Noticed a wyvern
   403 | D        | Killed Menkaure
   404 | D        | Reached skill level 5 in Dodging
   406 | D        | Found Etapniv's Antique Armour Shop.
   406 | D        | Found Viosaixt's Assorted Antiques.
   406 | D        | Noticed an oklob plant
   407 | D        | Found Bacvees's Antique Armour Shop.
   407 | D        | Found Kuintuil's Distillery.
   407 | D        | Found Ybihet's Book Shoppe.
   422 | D        | Noticed an unseen horror
   427 | D        | Noticed an unseen horror
   437 | D        | Bought a glowing robe for 70 gold pieces
   482 | D        | Bought a potion of flight for 33 gold pieces
   482 | D        | Bought a potion of flight for 33 gold pieces
   484 | D        | Bought a dented garnet amulet for 115 gold pieces
   493 | D        | Bought a book of Geomancy for 234 gold pieces
   495 | D        | Learned a level 1 spell: Sandblast
   498 | D        | Learned a level 2 spell: Passwall
   502 | D        | Learned a level 3 spell: Stone Arrow
   508 | D        | Bought a glowing rapier for 210 gold pieces
   653 | D        | Killed a boulder beetle
   654 | D        | Reached skill level 5 in Short Blades
   654 | D        | Reached XP level 8. HP: 24/40 MP: 20/23
   874 | D        | Killed a boulder beetle
   875 | D        | Reached XP level 9. HP: 45/45 MP: 23/25
   893 | D        | Found a glowing golden altar of the Shining One.
   893 | D        | Found an ornate altar of the Wu Jian Council.
   894 | D        | Found a shimmering altar of Xom.
   894 | D        | Found a sacrificial altar of Ru.
   895 | D        | Found a basalt altar of Yredelemnul.
   895 | D        | Found a shimmering blue altar of Sif Muna.
   895 | D        | Found a stormy altar of Qazlal.
   895 | D        | Found a viscous altar of Jiyva.
   896 | D        | Found a glowing silver altar of Zin.
   896 | D        | Found a bloodstained altar of Trog.
   896 | D        | Found an ancient bone altar of Kikubaaqudgha.
   897 | D        | Found a hide-covered altar of Uskayaw.
   897 | D        | Found a corrupted altar of Lugonu.
   897 | D        | Found a shadowy altar of Dithmenos.
   900 | D        | Found a radiant altar of Vehumet.
   900 | D        | Found a burning altar of Makhleb.
   900 | D        | Found a white marble altar of Elyvilon.
   901 | D        | Found a sparkling altar of Nemelex Xobeh.
   901 | D        | Found a blossoming altar of Fedhas.
   903 | D        | Found an iron altar of Okawaru.
   903 | D        | Found an opulent altar of Gozag.
   903 | D        | Found a hazy altar of Hepliaklqana.
   903 | D        | Found a snail-covered altar of Cheibriados.
   903 | D        | Noticed a polar bear
   904 | D        | Noticed a yaktaur
   910 | D        | Became a worshipper of Dithmenos the Shadowed
   920 | D        | Noticed a polar bear
   920 | D        | Noticed a polar bear
   921 | D        | Killed a polar bear
   922 | D        | Killed a polar bear
   923 | D        | Reached skill level 5 in Earth Magic
   924 | D        | Killed a polar bear
   924 | D        | Reached * piety under Dithmenos
   927 | D        | Killed a yaktaur
   938 | D        | Noticed a polar bear
   939 | D        | Noticed a polar bear
   944 | D        | Noticed a deep elf master archer
   950 | D        | Killed a deep elf master archer
   950 | D        | Reached ** piety under Dithmenos
   951 | D        | Reached skill level 5 in Fighting
   951 | D        | Reached skill level 5 in Conjurations
   951 | D        | Reached XP level 10. HP: 51/51 MP: 25/27
   955 | D        | Noticed a great orb of eyes
   991 | D        | Killed a great orb of eyes
  1070 | D        | Reached skill level 10 in Short Blades
  1178 | D        | Noticed a death drake
  1179 | D        | Noticed a death drake
  1179 | D        | Noticed a crystal guardian
  1180 | D        | Reached *** piety under Dithmenos
  1183 | D        | Killed a crystal guardian
  1187 | D        | Killed a death drake
  1188 | D        | Reached skill level 10 in Dodging
  1190 | D        | Killed a death drake
  1190 | D        | Reached **** piety under Dithmenos
  1571 | D        | Noticed a kraken
  1581 | D        | Slain by a tentacle

Illustrated notes

Levels and vault maps discovered:
D:        the_violet_keep_of_menkaure [sprint2_stairs_cluster_1,
          sprint2_shoproom, sprint2_temple, sprint2_basic_supplies,
          sprint2_obstacle_6, sprint2_obstacle_2, sprint2_obstacle_1,
          sprint2_obstacle_5, sprint2_obstacle_4, sprint2_timed_cluster_1,
          sprint2_smallroom_cluster_1, sprint2_smallroom_final_cluster_1,
          sprint2_transparent_cluster_1, sprint2_second_timed_cluster_1,
          sprint2_sniper_area_1, sprint2_heavy_combat_area_1,
          sprint2_mutation_trap_area_1, sprint2_forest_area_1,
          sprint2_light_combat_area_1, sprint2_behind_water_1,
          sprint2_near_end_vault_1]

Skill      XL: |  1  2  3  4  5  6  7  8  9 10 |
---------------+-------------------------------+-----
Stealth        | 6 10 11 15 16 | 16.5
Spellcasting   | 3 5 6 8 9 10 11 12 | 12.9
Hexes          | 4 6 9 11 12 13 | 13.1
Fighting       | 3 4 5 6 |  6.2
Short Blades   | 5 7 9 11 | 11.1
Dodging        | 6 7 9 10 | 10.3
Conjurations   | 2 3 5 7 |  7.2
Earth Magic    | 3 4 6 8 |  8.6

Action                   |  1- 3 |  4- 6 |  7- 9 | 10-12 || total
-------------------------+-------+-------+-------+-------++-------
Melee: Dagger            |     5 |     8 |    34 |    50 ||    97
       Punch             |       |       |       |     1 ||     1
 Cast: Ensorcelled Hiber |       |       |     5 |     5 ||    10
       Confusing Touch   |       |       |     2 |     3 ||     5
       Dazzling Flash    |       |       |       |     7 ||     7
       Stone Arrow       |       |       |       |     4 ||     4
Invok: Shadow Step       |       |       |       |     1 ||     1
  Use: Potion            |     2 |       |     3 |     4 ||     9
 Stab: Sleeping          |     4 |     4 |     7 |     8 ||    23
       Invisible         |     1 |     1 |     3 |       ||     5
       Confused          |       |       |     4 |     2 ||     6
Armor: Robe              |       |       |       |     2 ||     2
Dodge: Dodged            |       |     1 |     9 |    66 ||    76
